 Dungeon Crawl Stone Soup version 0.26-a0-1147-g3780a7a11b (webtiles) character file.

Game seed: 9023323854991509185

137 ardl the Bolt Thrower (level 4, -2/36 HPs)
             Began as a Demigod Hunter on Dec 22, 2020.
             Killed by divine providence
             ... invoked by an orc priest
              (11 damage)
             ... on level 3 of the Dungeon.
             The game lasted 00:05:18 (3475 turns).

ardl the Bolt Thrower (Demigod Hunter)              Turns: 3475, Time: 00:05:19

Health: -2/36      AC:  6    Str: 17    XL:     4   Next: 69%
Magic:  6/6        EV: 11    Int: 15    God:
Gold:   142        SH:  0    Dex: 16    Spells: 3/3 levels left

rFire    . . .     SeeInvis .   a - +1 hand crossbow
rCold    . . .     Faith    .   (no shield)
rNeg     . . .     Spirit   .   p - +0 scale mail
rPois    .         Reflect  .   (no helmet)
rElec    .         Harm     .   (no cloak)
rCorr    .         Rampage  .   (no gloves)
Will     .....                  (no boots)
Stlth    ..........             (no amulet)
HPRegen  0.12/turn              (no ring)
MPRegen  0.10/turn              (no ring)

@: no status effects
A: high mp 1
a: no special abilities


You were on level 3 of the Dungeon.
You visited 1 branch of the dungeon, and saw 3 of its levels.

You collected 142 gold pieces.

Inventory:

Hand Weapons
 a - a +1 hand crossbow (weapon)
 b - a +1 short sword of freezing
 e - a +0 short sword
Missiles
 d - 11 bolts (quivered ammo)
 g - 2 poisoned darts
Armour
 c - a +0 leather armour
 l - a +0 ring mail
 p - a +0 scale mail (worn)
Jewellery
 h - an uncursed amulet of reflection {unknown}
Scrolls
 f - 2 scrolls of amnesia {unknown}
 i - a scroll of enchant weapon {unknown}
 j - 2 scrolls of immolation {unknown}
 k - a scroll of remove curse {unknown}
 m - a scroll of enchant armour {unknown}
 o - a scroll of noise {unknown}
Potions
 n - a potion of curing {unknown}
 q - a potion of brilliance


   Skills:
 - Level 1.7 Fighting
 - Level 5.4 Crossbows
 + Level 2.6 Dodging
 - Level 0.8 Stealth


You had 3 spell levels left.
You didn't know any spells.
Your spell library was empty.

Dungeon Overview and Level Annotations

Branches:
Dungeon (3/15)


Innate Abilities, Weirdness & Mutations

You have an increased reservoir of magic. (+10% MP)


Message History

The bolt hits the orc!
You kill the orc!
The orc priest hits you from afar with a +0 trident.
* * * LOW HITPOINT WARNING * * *
You take 1 damage, and have 9/36 hp.
Fire: 13 bolts
Aim: an orc priest, wielding a +0 trident (moderately wounded)
You shoot a bolt. The bolt barely misses the orc priest.
The bolt hits the orc!
You kill the orc!
The orc priest barely misses you.
Fire: 12 bolts
Aim: an orc priest, wielding a +0 trident (moderately wounded)
You shoot a bolt. The bolt hits the orc priest!
The orc priest calls down the wrath of Beogh upon you.
You barely resist.
The orc wizard gestures wildly while chanting.
The orc wizard seems to speed up.
The orc priest invokes the aid of Beogh against you.
Beogh smites you!
You die...

#.# #....# #)#
#....#
###.###########....#
#.........##....#+##
#.........##....#.#
#.........##....#.#
#.........''......#
#......o..##....###
###@##....#######
#)####### #o# #(#
#.# #.# #.# #.#


You could see an orc priest and an orc wizard (fast).

Vanquished Creatures
  4 adders
  2 dart slugs (D:1)
  2 leopard geckos
  10 orcs
  4 giant cockroaches
  10 goblins
  9 hobgoblins
  15 jackals
  A ball python (D:2)
  3 bats (D:1)
  A frilled lizard (D:1)
  8 kobolds
  9 rats
78 creatures vanquished.

Vanquished Creatures (others)
  18 plants (D:1)
18 creatures vanquished.

Grand Total: 96 creatures vanquished

Notes
Turn   | Place    | Note
-------+----------+-------------------------------------------
     0 | D:1      | ardl the Demigod Hunter began the quest for the Orb.
     0 | D:1      | Reached XP level 1. HP: 17/17 MP: 3/3
    84 | D:1      | Reached skill level 4 in Crossbows
   223 | D:1      | Reached XP level 2. HP: 14/24 MP: 4/4
  1231 | D:1      | Reached XP level 3. HP: 26/29 MP: 5/5
  1813 | D:2      | Found an opulent altar of Gozag.
  1813 | D:2      | Noticed a centaur
  2183 | D:2      | Reached skill level 5 in Crossbows
  2646 | D:2      | Reached XP level 4. HP: 36/36 MP: 6/6
  3224 | D:3      | Found a sparkling altar of Nemelex Xobeh.
  3251 | D:3      | Found a shadowy altar of Dithmenos.
  3475 | D:3      | Killed from afar by an orc priest

Illustrated notes

Levels and vault maps discovered:
D:1:      heliophobic_arrival_glass_houses, layout_loops_ring, serial_forest,
          infiniplex_forest_3_way, infiniplex_forest_fountain,
          infiniplex_forest_3_way, infiniplex_forest_clump_double,
          infiniplex_forest_clump_curved, infiniplex_forest_pool,
          infiniplex_forest_clump_long, infiniplex_forest_lined_room_3,
          st_stairs_8
D:2:      minmay_roachtagon, layout_basic, old_standard_altar,
          minmay_misc_feat_pillars
D:3:      layout_basic, nemelex_altar_shiori, marbit_many_paths,
          lemuel_zombie_altar_yredelemnul, corexii_corridor_pit

Skill      XL: |  1  2  3  4 |
---------------+-------------+-----
Crossbows      | 4 5 |  5.4
Dodging        | 2 |  2.6
Fighting       | |  1.7
Stealth        | |  0.8

Action                   |  1- 3 |  4- 6 || total
-------------------------+-------+-------++-------
Melee: Short sword       |   181 |    77 ||   258
 Fire: Hand crossbow     |     9 |     7 ||    16
  Use: Potion            |     3 |       ||     3
 Stab: Sleeping          |     3 |       ||     3
Armor: Leather armour    |    53 |       ||    53
       Ring mail         |    26 |     4 ||    30
       Scale mail        |       |    27 ||    27
Dodge: Dodged            |   185 |    41 ||   226

Table legend: (Time is in decaauts)
 A = Elapsed time spent in this place.
 B = Non-inter-level travel time spent in this place.
 C = Inter-level travel time spent in this place.
 D = Time resting spent in this place.
 E = Time spent auto-exploring this place.
 F = Levels seen in this place.
 G = Mean time per level.
                   A        B        C        D        E       F      G
               +--------+--------+--------+--------+--------+-----+--------+
         Total |   3508 |   3476 |     32 |   1079 |   1764 |   3 | 1169.3 |
       Dungeon |   3508 |   3476 |     32 |   1079 |   1764 |   3 | 1169.3 |
               +--------+--------+--------+--------+--------+-----+--------+

Top non-repeatable levels by time:
     D:1: 1625 daAuts
     D:2: 1108 daAuts
     D:3: 775 daAuts
